 Dungeon Sprint DCSS version 0.31-a0-1-g4198be8af4 (webtiles) character file.

Game seed: 6234558086716189884

1111 sircluck the Devastator (level 8, -13/46 HPs)
             Began as a Tengu Conjurer on May 2, 2023.
             Was a High Priest of Sif Muna.
             Killed from afar by a gargoyle (19 damage)
             ... with a stone arrow
             ... in the Dungeon (Sprint VII: "The Pits").
             The game lasted 00:05:48 (1119 turns).

sircluck the Devastator (Tengu Conjurer)            Turns: 1119, Time: 00:05:49

Health: -13/46     AC: 13    Str: 12    XL:     8   Next: 33%
Magic:  15/19      EV: 16    Int: 20    God:    Sif Muna [*****.]
Gold:   0          SH:  0    Dex: 15    Spells: 19/20 levels left

rFire   . . .        m - +2 dagger (venom)
rCold   . . .        (no shield)
rNeg    . . .        q - +5 ring mail
rPois   .            (helmet restricted)
rElec   .            r - +0 cloak
rCorr   .            s - +0 pair of gloves
SInv    .            (boots unavailable)
Will    .....        (no amulet)
Stlth   ++           g - +3 ring of dexterity
HPRegen 0.27/turn    o - +3 ring of strength
MPRegen 0.16/turn

%: no teleportation
@: flying quickly and evasively, quick
A: beak, talons 3, nimble flight
a: Renounce Religion, Channel Magic, Forget Spell, Divine Exegesis


You were in the Dungeon.
You worshipped Sif Muna.
Sif Muna was extremely pleased with you.
You visited 1 branch

Inventory:

Hand Weapons
 l - a +2 dagger
 m - a +2 dagger of venom (weapon)
 p - a +2 rapier of distortion
Missiles
 k - 15 stones
Armour
 a - a +0 robe
 n - a +3 ring mail
 q - a +5 ring mail (worn)
 r - a +0 cloak (worn)
 s - a +0 pair of gloves (worn)
 t - a +4 chain mail
Jewellery
 g - a +3 ring of dexterity (left hand)
 o - a +3 ring of strength (right hand)
Scrolls
 i - 5 scrolls of amnesia
Potions
 b - 5 potions of magic
 c - 9 potions of curing
 d - 7 potions of heal wounds
 e - a potion of haste
 f - 3 potions of berserk rage
 h - 2 potions of invisibility


   Skills:
 + Level 3.3 Fighting
 + Level 5.0 Short Blades
 + Level 4.4 Armour
 + Level 7.3 Dodging
 + Level 3.7 Stealth
 + Level 2.7 Unarmed Combat
 + Level 6.7 Spellcasting
 + Level 16.8 Conjurations


You had 19 spell levels left.
You knew the following spells:

 Your Spells              Type           Power      Damage    Failure   Level
a - Magic Dart            Conj           100%       1d8       1%          1

Your spell library contained the following spells:

 Spells                   Type           Power      Damage    Failure   Level
 Searing Ray              Conj           100%       2d8       1%          2
 Dazzling Flash           Conj/Hex       80%        N/A       1%          3
 Mephitic Cloud           Conj/Pois/Air  29%        N/A       6%          3
 Fulminant Prism          Conj/Hex       20%        3d12      7%          4
 Iskenderun's Mystic Bla  Conj/Tloc      40%        2d9       7%          4
 Sandblast                Erth           12%        2d6       21%         1
 Freezing Cloud           Conj/Ice/Air   14%        6-21      50%         5
 Animate Armour           Summ/Erth      12%        N/A       90%         4
 Summon Lightning Spire   Summ/Air       6%         N/A       90%         4
 Chain Lightning          Conj/Air       20%        3d26      100%        9


Dungeon Overview and Level Annotations

Branches:
Dungeon (1/1)

Altars:
Ashenzari
Cheibriados
Dithmenos
Elyvilon
Fedhas
Gozag
Hepliaklqana
Kikubaaqudgha
Makhleb
Nemelex Xobeh
Okawaru
Qazlal
Ru
Sif Muna
Trog
Uskayaw
Vehumet
Wu Jian
Xom
Yredelemnul
Zin
The Shining One
Jiyva
Lugonu


Innate Abilities, Weirdness & Mutations

You have a beak for a mouth.
You have claws for feet.
Your magical nature lets you fly swiftly and evasively.


Message History

You hear a shout!
The yak bellows!
You hear a bellow!
A yak comes into view.
A manticore comes into view.
You hear a shout!
Found three items.
Read: scroll of summoning
Press: ? - help, Q - select action, (/) - cycle Dir - look around, f - activate Look: a large abomination
As you read the scroll of summoning, it crumbles to dust.
Wisps of shadow whirl around you...
The shadows disperse without effect.
The large abomination barely misses you. x2
A hell rat comes into view.
There is a huge open gate to the Grid Vault (Hard) here.
The magic dart hits the large abomination but does no damage.
The large abomination hits you.
There is a huge open gate to the Grid Vault (Hard) here.
Casting: Magic Dart (safe; 1% risk of failure)
Confirm with . or Enter, or press ? or * to list all spells.
Aiming: Magic Dart (safe; 1% risk of failure)
Press: ? - help, Shift-Dir - straight line, f/p - large abomination
Aim: a large abomination (100% to hit)
The magic dart hits the large abomination.
The large abomination is lightly damaged.
The large abomination hits you but does no damage.
Casting: Magic Dart (safe; 1% risk of failure)
Confirm with . or Enter, or press ? or * to list all spells.
Aiming: Magic Dart (safe; 1% risk of failure)
Press: ? - help, Shift-Dir - straight line, f/p - large abomination
Aim: a large abomination (lightly damaged, 100% to hit)
The magic dart hits the large abomination!
The large abomination is lightly damaged.
The large abomination hits you!
The magic dart hits the large abomination.
The large abomination is moderately damaged.
The large abomination hits you!!
Ouch! That really hurt!
* * * LOW HITPOINT WARNING * * *
The gargoyle hurls a stone arrow at you.
The stone arrow hits you!!
You die...

.# #S t# #r Y# #. .#r
.#########t######. #####
.........z........ ___.#
.........YY....... ___.#
########9X########
_...###########'@######
###'##................#
))+.##......#..#......#
###.##.........)......+
.....'................+
'#####......#..#......#
)#..##................#
.')รท#####'#####''######
##)###.......##''#


You could see a dire elephant, a skeletal warrior, a snapping turtle, a large
abomination, a yak, a gargoyle and a hell rat (wandering).

Vanquished Creatures
  A gargoyle (D)
  Grinder (D)
  Sigmund (D)
  A redback (D)
  A sky beast (D)
  A black bear (D)
  A bullfrog (D)
  A crimson imp (D)
  A mummy (D)
  3 adders (D)
  2 gnolls (D)
  A river rat (D)
  An endoplasm (D)
  5 goblins (D)
  A hobgoblin (D)
  7 jackals (D)
  A ball python (D)
  A kobold (D)
31 creatures vanquished.

Vanquished Creatures (others)
  A bat zombie (D)
1 creature vanquished.

Grand Total: 32 creatures vanquished

Notes
Turn   | Place    | Note
-------+----------+-------------------------------------------
     0 | D        | sircluck the Tengu Conjurer began the quest for the Orb.
     0 | D        | Reached XP level 1. HP: 10/10 MP: 4/4
    21 | D        | Noticed a rime drake
    21 | D        | Noticed a crimson imp
    21 | D        | Noticed a black bear
    50 | D        | Reached skill level 7 in Conjurations
    50 | D        | Reached XP level 2. HP: 15/15 MP: 1/6
    98 | D        | Found a bloodstained altar of Trog.
    98 | D        | Found a shimmering blue altar of Sif Muna.
    98 | D        | Found a viscous altar of Jiyva.
    98 | D        | Found a hazy altar of Hepliaklqana.
    98 | D        | Found an opulent altar of Gozag.
   124 | D        | Found a glowing golden altar of the Shining One.
   124 | D        | Found a glowing silver altar of Zin.
   124 | D        | Found a basalt altar of Yredelemnul.
   124 | D        | Found a shimmering altar of Xom.
   124 | D        | Found an ornate altar of the Wu Jian Council.
   124 | D        | Found a sacrificial altar of Ru.
   124 | D        | Found a stormy altar of Qazlal.
   124 | D        | Found an iron altar of Okawaru.
   124 | D        | Found a sparkling altar of Nemelex Xobeh.
   124 | D        | Found a burning altar of Makhleb.
   124 | D        | Found a blossoming altar of Fedhas.
   124 | D        | Found a white marble altar of Elyvilon.
   124 | D        | Found a shadowy altar of Dithmenos.
   124 | D        | Found a snail-covered altar of Cheibriados.
   166 | D        | Killed a crimson imp
   167 | D        | Reached skill level 9 in Conjurations
   167 | D        | Reached XP level 3. HP: 19/19 MP: 1/7
   168 | D        | Found a radiant altar of Vehumet.
   168 | D        | Found a corrupted altar of Lugonu.
   169 | D        | Found a hide-covered altar of Uskayaw.
   169 | D        | Found an ancient bone altar of Kikubaaqudgha.
   169 | D        | Found a broken altar of Ashenzari.
   193 | D        | Became a worshipper of Sif Muna the Loreminder
   239 | D        | Reached skill level 1 in Unarmed Combat
   313 | D        | Reached * piety under Sif Muna
   313 | D        | Noticed Sigmund
   315 | D        | Reached skill level 10 in Conjurations
   315 | D        | Reached XP level 4. HP: 24/24 MP: 5/9
   319 | D        | Reached ** piety under Sif Muna
   360 | D        | Killed Sigmund
   361 | D        | Reached skill level 13 in Conjurations
   361 | D        | Gained mutation: Your magical nature lets you fly swiftly
                  | and evasively. [Tengu growth]
   361 | D        | Reached XP level 5. HP: 12/28 MP: 1/12
   490 | D        | Reached *** piety under Sif Muna
   538 | D        | Reached skill level 14 in Conjurations
   538 | D        | Reached XP level 6. HP: 30/32 MP: 12/14
   543 | D        | Reached skill level 5 in Dodging
   605 | D        | Reached **** piety under Sif Muna
   622 | D        | Reached skill level 1 in Short Blades
   646 | D        | Noticed a sky beast
   654 | D        | Killed a sky beast
   655 | D        | Reached skill level 1 in Fighting
   655 | D        | Reached skill level 1 in Armour
   655 | D        | Reached skill level 5 in Spellcasting
   655 | D        | Reached skill level 15 in Conjurations
   702 | D        | Noticed a redback
   706 | D        | Killed a redback
   706 | D        | Reached ***** piety under Sif Muna
   707 | D        | Reached XP level 7. HP: 32/38 MP: 13/16
   709 | D        | Noticed Grinder
   710 | D        | Paralysed by Grinder for 2 turns
   720 | D        | HP: 1/38 [Grinder/nerve-wracking pain (5)]
   729 | D        | Killed Grinder
   729 | D        | Received a gift from Sif Muna
   730 | D        | Reached skill level 16 in Conjurations
   741 | D        | Got Sif Muna's Volume of the Cloudy Valley {god gift}
   936 | D        | Noticed a gargoyle
   954 | D        | Killed a gargoyle
   955 | D        | Reached skill level 5 in Short Blades
   955 | D        | Reached XP level 8. HP: 35/46 MP: 15/19
  1111 | D        | Noticed a snapping turtle
  1111 | D        | Noticed a dire elephant
  1111 | D        | Noticed a skeletal warrior
  1111 | D        | Noticed a skeletal warrior
  1111 | D        | Noticed a yak
  1111 | D        | Noticed a large abomination
  1111 | D        | Noticed a gargoyle
  1111 | D        | Noticed a yak
  1111 | D        | Noticed a manticore
  1119 | D        | Killed from afar by a gargoyle

Illustrated notes

Levels and vault maps discovered:
D:        pitsprint [storerooms_1, entrance_room_1, metal_vault_1, armoury_3,
          mini_pit_1, grid_room_1, main_hall_1, silver_pit, the_coven_3,
          the_vestibule_1, steel_vault_4, golden_pit, hallway_of_sentries,
          crystal_vault_1, iron_vault_1, final_vault]

Skill      XL: |  1  2  3  4  5  6  7 |
---------------+----------------------+-----
Conjurations   | 7 9 10 13 14 15 16 | 16.8
Dodging        | 3 4 6 7 |  7.3
Unarmed Combat | 1 2 |  2.7
Stealth        | 3 |  3.7
Spellcasting   | 4 5 6 |  6.7
Short Blades   | 2 5 |  5.0
Fighting       | 1 3 |  3.3
Armour         | 1 4 |  4.4

Action                     |  1- 3 |  4- 6 |  7- 9 || total
---------------------------+-------+-------+-------++-------
  Melee: Unarmed           |     7 |     1 |       ||     8
         Peck              |     1 |     7 |     3 ||    11
         Kick              |     1 |    15 |    15 ||    31
         Dagger            |       |    35 |    38 ||    73
         Punch             |       |     1 |     1 ||     2
   Cast: Magic Dart        |    15 |    21 |     9 ||    45
    Use: Potion            |       |     1 |     3 ||     4
         Scroll            |       |       |     2 ||     2
 Armour: Robe              |     1 |     2 |       ||     3
         Ring mail         |       |     4 |    21 ||    25
  Dodge: Dodged            |     6 |    35 |    32 ||    73

Table legend: (Time is in decaauts)
 A = Elapsed time spent in this place.
 B = Non-inter-level travel time spent in this place.
 C = Inter-level travel time spent in this place.
 D = Time resting spent in this place.
 E = Time spent auto-exploring this place.
 F = Levels seen in this place.
 G = Mean time per level.
                   A        B        C        D        E       F      G
               +--------+--------+--------+--------+--------+-----+--------+
         Total |   1090 |   1088 |      2 |    232 |    402 |   1 | 1090.0 |
       Dungeon |   1090 |   1088 |      2 |    232 |    402 |   1 | 1090.0 |
               +--------+--------+--------+--------+--------+-----+--------+

Top non-repeatable levels by time:
       D: 1090 daAuts
